 Dungeon Crawl Stone Soup version 0.29.0-4-gdea44cf6ec (webtiles) character file.

Game seed: 8546657285534177595

401 qw the Ruffian (level 6, -3/48 HPs)
             Began as a Ghoul Fire Elementalist on Aug 29, 2022.
             Slain by a hound (5 damage)
             ... on level 5 of the Dungeon.
             The game lasted 00:03:31 (5298 turns).

qw the Ruffian (Ghoul Fire Elementalist)            Turns: 5298, Time: 00:03:31

Health: -3/48      AC:  8    Str: 14    XL:     6   Next: 85%
Magic:  7/7        EV:  6    Int: 10    God:
Gold:   218        SH:  0    Dex:  9    Spells: 7/8 levels left

rFire   . . .      SeeInvis .     - Unarmed
rCold   + . .      Faith    .   (no shield)
rNeg    + + +      Spirit   .   t - +0 chain mail
rPois   inf        Reflect  .   (no helmet)
rElec   .          Harm     .   (no cloak)
rCorr   .          Rampage  .   (no gloves)
Will    .....                   (no boots)
Stlth   ..........              (no amulet)
HPRegen 0.00/turn               (no ring)
MPRegen 0.10/turn               (no ring)

@: about to teleport, inhibited regen
A: claws 1, cold resistance 1, negative energy resistance 3, inhibited
regeneration, torment resistance 2, devour on kill
a: no special abilities


You were on level 5 of the Dungeon.
You visited 2 branches of the dungeon, and saw 6 of its levels.

You collected 218 gold pieces.


Innate Abilities, Weirdness & Mutations

You are immune to poison.
You have sharp fingernails.
Your flesh is cold resistant. (rC+)
You are immune to negative energy. (rN+++)
You do not regenerate when monsters are visible.
You are immune to unholy pain and torment.
You thrive by killing the living.


   Skills:
 + Level 2.0 Fighting
 - Level 2.4 Armour
 - Level 1.7 Dodging
 - Level 2.1 Stealth
 - Level 6.1 Unarmed Combat
 - Level 1.7 Spellcasting
 - Level 0.7 Conjurations
 - Level 2.4 Fire Magic


You had 7 spell levels left.
You knew the following spells:

 Your Spells              Type           Power      Damage    Failure   Level
a - Foxfire               Conj/Fire      16%        2x1d4     99%         1

Your spell library contained the following spells:

 Spells                   Type           Power      Damage    Failure   Level
 Scorch                   Fire           10%        2d5       99%         2
 Conjure Flame            Conj/Fire      4%         6-21      100%        3
 Inner Flame              Hex/Fire       3%         N/A       100%        3
 Flame Wave               Conj/Fire      4%         2d5       100%        4

Inventory:

Missiles
 g - 7 boomerangs (quivered)
Armour
 t - a +0 chain mail (worn)
Scrolls
 e - a scroll of identify
Potions
 a - a potion of heal wounds
 b - a potion of haste
 c - 3 potions of curing
 f - a potion of degeneration {unknown}
 h - a potion of ambrosia {unknown}
 i - a potion of invisibility {unknown}
 k - a potion of attraction {unknown}
 o - a potion of berserk rage {unknown}
 p - a potion of lignification {unknown}
 q - a potion of mutation {unknown}
 s - a potion of cancellation

Dungeon Overview and Level Annotations

Branches:
Dungeon (5/15)             Temple (1/1) D:5

Altars:
Ashenzari
Cheibriados
Dithmenos
Gozag
Hepliaklqana
Qazlal
Ru
Sif Muna
Trog
Uskayaw
Vehumet
Xom

Shops:
D:4 *

Annotations:
D:3 2 transporters, 3 runed translucent doors, qw's ghost, amateur TeWr
D:4 1 runed translucent door, qw's ghost, amateur TeWr


Message History

You kill the orc!
You feel better. The orc completely misses you. The orc closely misses you.
Things that are here:
a +0 whip; an orc corpse You scratch the orc.
The orc is moderately wounded.
The orc priest mumbles some strange prayers to Beogh against you.
Beogh smites you!
The orc priest invokes the aid of Beogh against you.
Beogh smites you! The orc hits you with a +0 trident.
You claw the orc!
You kill the orc!
You claw the orc!
You kill the orc!
You feel better. The orc priest barely misses you.
The orc priest hits you but does no damage.
Items here: % ( )) [.
You scratch the orc priest.
The orc priest is moderately wounded.
The orc priest hits you with a +2 mace of venom.
The orc priest hits you with a +0 flail.
You claw the orc priest!
You kill the orc priest!
You feel better.
The orc priest hits you with a +2 mace of venom!
The hound barely misses you.
Your Unarmed Combat skill increases to level 6!
You closely miss the orc priest.
The orc priest mumbles some strange prayers to Beogh against you.
Beogh smites you! The hound bites you.
5298 ||| READING scroll of teleportation.
As you read the scroll of teleportation, it crumbles to dust.
You feel strangely unstable. The hound bites you but does no damage.
The orc priest hits you but does no damage.
The hound bites you.
You die...

# # ########## #
#........#
###........#############
..'........'...)@h......
###........######o......
#........# .......
########## .......
....... ....... #######
#.. . #.#### .##


You could see a hound and an orc priest.

Vanquished Creatures
  A water moccasin (D:5)
  A hound (D:5)
  A jelly (D:4)
  An orc priest (D:5)
  3 gnolls (D:5)
  7 adders
  A worm (D:2)
  2 dart slugs
  8 orcs
  7 ball pythons
  9 endoplasms
  5 giant cockroaches
  8 hobgoblins
  10 jackals
  2 quokkas
  3 bats
  2 frilled lizards
  9 goblins
  9 kobolds
  7 rats
96 creatures vanquished.

Vanquished Creatures (others)
  2 withered plants (D:4)
2 creatures vanquished.

Grand Total: 98 creatures vanquished

Notes
Turn   | Place    | Note
-------+----------+-------------------------------------------
     0 | D:1      | qw the Ghoul Fire Elementalist began the quest for the Orb.
     0 | D:1      | Reached XP level 1. HP: 14/14 MP: 2/2
     0 | D:1      | 0 ||| qw: Version: 0.1-a-90-g952f4b7
     0 | D:1      | 0 ||| qw: Game counter: 4012
     0 | D:1      | 0 ||| qw: Always use a shield: true
     0 | D:1      | 0 ||| qw: God list: Okawaru
     0 | D:1      | 0 ||| qw: Allow faded altars: false
     0 | D:1      | 0 ||| qw: Do Orc after D:15 true
     0 | D:1      | 0 ||| qw: Do second Lair branch before Depths: true
     0 | D:1      | 0 ||| qw: Lair rune preference: random
     0 | D:1      | 0 ||| qw: Plans: Normal
     0 | D:1      | 0 ||| PLANNING D:1-11
   112 | D:1      | 112 ||| Stepping ~*~*~tactically~*~*~ (stealth).
   114 | D:1      | 114 ||| Stepping ~*~*~tactically~*~*~ (stealth).
   149 | D:1      | Reached skill level 1 in Unarmed Combat
   444 | D:1      | Reached XP level 2. HP: 22/22 MP: 3/3
   472 | D:1      | Reached skill level 1 in Fighting
   674 | D:1      | 674 ||| Stepping ~*~*~tactically~*~*~ (hiding).
   776 | D:1      | 776 ||| Stepping ~*~*~tactically~*~*~ (hiding).
   936 | D:1      | Reached skill level 2 in Unarmed Combat
   983 | D:1      | 983 ||| Stepping ~*~*~tactically~*~*~ (stealth).
   985 | D:1      | 985 ||| Stepping ~*~*~tactically~*~*~ (stealth).
  1628 | D:1      | 1628 ||| UPGRADING to +0 leather armour.
  1638 | D:1      | 1638 ||| DROPPING +0 robe.
  1639 | D:1      | 1639 ||| READING scroll labelled IMASSE GIHESM.
  1640 | D:1      | 1640 ||| READING scroll labelled XUSARPH BI DIE.
  1644 | D:1      | 1644 ||| READING scroll labelled VUFIFI HONKI.
  1645 | D:1      | 1645 ||| READING scroll labelled HEXZAU WEOL.
  1646 | D:1      | 1646 ||| DROPPING potion of magic.
  1699 | D:2      | 1699 ||| Stepping ~*~*~tactically~*~*~ (stealth).
  1705 | D:2      | Reached XP level 3. HP: 28/28 MP: 4/4
  1710 | D:2      | 1710 ||| Stepping ~*~*~tactically~*~*~ (stealth).
  1723 | D:2      | 1723 ||| Stepping ~*~*~tactically~*~*~ (stealth).
  1802 | D:2      | 1802 ||| Stepping ~*~*~tactically~*~*~ (stealth).
  1805 | D:2      | 1805 ||| Stepping ~*~*~tactically~*~*~ (stealth).
  1807 | D:2      | 1807 ||| Stepping ~*~*~tactically~*~*~ (stealth).
  1860 | D:2      | Reached skill level 3 in Unarmed Combat
  1877 | D:2      | HP: 7/28 [jackal (1)]
  2200 | D:2      | 2200 ||| Stepping ~*~*~tactically~*~*~ (stealth).
  2202 | D:2      | 2202 ||| Stepping ~*~*~tactically~*~*~ (stealth).
  2203 | D:2      | 2203 ||| Stepping ~*~*~tactically~*~*~ (stealth).
  2223 | D:2      | Reached XP level 4. HP: 32/35 MP: 5/5
  2545 | D:2      | 2545 ||| READING 2 scrolls labelled UDEIT SOHI DIYF.
  2546 | D:2      | 2546 ||| READING scroll labelled MENTIO DYQIAK.
  2547 | D:2      | 2547 ||| DRINKING 2 murky puce potions.
  2548 | D:2      | 2548 ||| DROPPING scroll of amnesia.
  2595 | D:3      | Found a transporter.
  2612 | D:3      | Found a radiant altar of Vehumet.
  2613 | D:3      | 2613 ||| Stepping ~*~*~tactically~*~*~ (hiding).
  2620 | D:3      | Reached skill level 4 in Unarmed Combat
  2809 | D:3      | 2809 ||| Stepping ~*~*~tactically~*~*~ (outnumbered).
  2995 | D:3      | Found a transporter.
  3030 | D:3      | Found a runed translucent gate.
  3031 | D:3      | Found a runed translucent gate.
  3032 | D:3      | Found a runed translucent gate.
  3033 | D:3      | Noticed qw's ghost (amateur TeWr)
  3047 | D:3      | Reached XP level 5. HP: 41/41 MP: 6/6
  3089 | D:3      | 3089 ||| Stepping ~*~*~tactically~*~*~ (stealth).
  3500 | D:3      | 3500 ||| UPGRADING to +0 scale mail.
  3510 | D:3      | 3510 ||| DROPPING +0 leather armour.
  3511 | D:3      | 3511 ||| READING 2 scrolls of identify.
  3511 | D:3      | 3511 ||| IDENTIFYING ruby potion
  3742 | D:4      | Found a runed translucent door.
  3745 | D:4      | Noticed qw's ghost (amateur TeWr)
  3754 | D:4      | 3754 ||| Stepping ~*~*~tactically~*~*~ (stealth).
  3758 | D:4      | 3758 ||| Stepping ~*~*~tactically~*~*~ (outnumbered).
  3759 | D:4      | 3759 ||| Stepping ~*~*~tactically~*~*~ (outnumbered).
  3760 | D:4      | 3760 ||| Stepping ~*~*~tactically~*~*~ (outnumbered).
  3786 | D:4      | Found a hide-covered altar of Uskayaw.
  3905 | D:4      | Reached skill level 5 in Unarmed Combat
  4119 | D:4      | 4119 ||| Stepping ~*~*~tactically~*~*~ (hiding).
  4391 | D:4      | Found Pasodor's Fire Supplies.
  4397 | D:4      | 4397 ||| SHOPLISTING +0 fire dragon scales (840 gold, have
                  | 195).
  4397 | D:4      | 4397 ||| SHOPLISTING +4 scale mail of fire resistance (434
                  | gold, have 195).
  4397 | D:4      | 4397 ||| SHOPLISTING ring of protection from fire (350
                  | gold, have 195).
  4523 | D:4      | 4523 ||| DROPPING +3 leather armour.
  4524 | D:4      | 4524 ||| UPGRADING to +0 chain mail.
  4534 | D:4      | 4534 ||| DROPPING +0 scale mail.
  4535 | D:4      | 4535 ||| READING scroll labelled EFIUDIONU.
  4536 | D:4      | 4536 ||| READING scroll labelled TUSHRI DEROMPO.
  4637 | D:4      | 4637 ||| DRINKING 2 murky blue potions.
  4638 | D:4      | 4638 ||| DRINKING 2 glowing puce potions.
  4639 | D:4      | 4639 ||| DRINKING 2 green potions.
  4640 | D:4      | 4640 ||| DROPPING potion of flight.
  4645 | D:5      | Entered Level 5 of the Dungeon
  4650 | D:5      | Noticed a water moccasin
  4669 | D:5      | Killed a water moccasin
  4670 | D:5      | Reached XP level 6. HP: 34/48 MP: 7/7
  4946 | D:5      | 4946 ||| Stepping ~*~*~tactically~*~*~ (outnumbered).
  4947 | D:5      | 4947 ||| Stepping ~*~*~tactically~*~*~ (outnumbered).
  4949 | D:5      | 4949 ||| Stepping ~*~*~tactically~*~*~ (outnumbered).
  4950 | D:5      | 4950 ||| Stepping ~*~*~tactically~*~*~ (outnumbered).
  4952 | D:5      | 4952 ||| Stepping ~*~*~tactically~*~*~ (outnumbered).
  4953 | D:5      | 4953 ||| Stepping ~*~*~tactically~*~*~ (outnumbered).
  5021 | D:5      | Found a staircase to the Ecumenical Temple.
  5022 | D:5      | 5022 ||| PLANNING TEMPLE
  5030 | Temple   | Entered the Ecumenical Temple
  5189 | Temple   | 5189 ||| PLANNING D:1-11
  5221 | D:5      | 5221 ||| Stepping ~*~*~tactically~*~*~ (outnumbered).
  5226 | D:5      | 5226 ||| Stepping ~*~*~tactically~*~*~ (outnumbered).
  5281 | D:5      | 5281 ||| Stepping ~*~*~tactically~*~*~ (stealth).
  5297 | D:5      | Reached skill level 6 in Unarmed Combat
  5297 | D:5      | HP: 3/48 [orc priest/divine providence (14)]
  5298 | D:5      | 5298 ||| READING scroll of teleportation.
  5298 | D:5      | Slain by a hound

Levels and vault maps discovered:
D:1:      giann_bridges, layout_basic
D:2:      layout_basic, corexii_corridor_pit, corexii_hall_statues_s
D:3:      gammafunk_wand_slinger, layout_loops_ring, vehumet_altar_wand_db,
          gammafunk_ghost_necromancy, st_stairs_5
D:4:      layout_loops_ring, nicolae_uskayaw_suspiria, gammafunk_ghost_grave,
          nicolae_shop_fire_sale [nicolae_sub_dead_trees], dk_vineyard_2,
          minmay_misc_feat_rugged, minivault_14
D:5:      layout_basic, minmay_temple_entry_antechambers,
          corexii_leaking_fountain
Temple:   chequers_temple_sunken

Skill      XL: |  1  2  3  4  5  6 |
---------------+-------------------+-----
Unarmed Combat | 1 2 3 4 5 6 |  6.1
Fighting       | 1 2 |  2.0
Armour         | 2 |  2.4
Dodging        | |  1.7
Stealth        | |  2.1
Spellcasting   | |  1.7
Conjurations   | |  0.7
Fire Magic     | |  2.4

Action                   |  1- 3 |  4- 6 || total
-------------------------+-------+-------++-------
Melee: Unarmed           |   126 |   165 ||   291
       Punch             |     3 |     3 ||     6
Throw: Boomerang         |    31 |    59 ||    90
  Use: Scroll            |     4 |     6 ||    10
       Potion            |       |     4 ||     4
Armor: Robe              |     5 |       ||     5
       Leather armour    |    10 |    10 ||    20
       Scale mail        |       |    23 ||    23
       Chain mail        |       |    22 ||    22
Dodge: Dodged            |    63 |    63 ||   126

Table legend:
 A = Non-vault XP
 B = Vault XP
 C = Vault XP percentage of total XP
 D = Non-vault monster count
 E = Vault monster count
 F = Vault count percentage of total count
                 A         B        C        D         E       F
            +---------+---------+-------+---------+---------+-------
      Total |     554 |      19 |   3.3 |      92 |       4 |   4.2
            +---------+---------+-------+---------+---------+-------
        D:1 |      31 |       0 |   0.0 |      19 |       0 |   0.0
        D:2 |      74 |       0 |   0.0 |      28 |       0 |   0.0
        D:3 |      52 |      19 |  26.8 |      12 |       4 |  25.0
        D:4 |      95 |       0 |   0.0 |      20 |       0 |   0.0
        D:5 |     302 |       0 |   0.0 |      13 |       0 |   0.0
            +---------+---------+-------+---------+---------+-------
